 Dungeon Crawl Stone Soup version 0.17.1-3-g152610e (webtiles) character file.

69099 Heskey the Warrior (level 14, -6/140 HPs)
             Began as a Minotaur Fighter on Mar 17, 2016.
             Was a High Priest of Qazlal.
             Engulfed by a cloud of spectral mist (8 damage)
             ... on level 4 of the Swamp on Mar 18, 2016.
             The game lasted 01:12:28 (16781 turns).

Heskey the Warrior (Minotaur Fighter)              Turns: 16781, Time: 01:12:28

Health: -6/140     AC: 27    Str: 29    XL:     14   Next: 89%
Magic:  18/18      EV:  7    Int:  5    God:    Qazlal [*****.]
Gold:   1752       SH: 20    Dex: 17    Spells: 0 memorised, 13 levels left

rFire  + + +     SeeInvis .     B - +6 mace "Etousore" {venom, rF+ Dex+2}
rCold  + . .     Clarity  .     x - +1 plate armour
rNeg   . . .     SustAt   .     c - +0 shield
rPois  +         Gourm    .     (helmet restricted)
rElec  .         Spirit   .     s - +2 cloak
rCorr  .         Warding  .     E - +2 pair of gloves of the Hall of Blades {rF++ Dex+3}
rMut   .         Stasis   .     v - +0 pair of boots (curse)
MR     +....                    (no amulet)
Stlth  ..........               d - ring of poison resistance
                                b - +5 ring of strength

@: about to teleport, protected from cold, repel missiles, drained, somewhat
resistant to hostile enchantments, extremely unstealthy
A: retaliatory headbutt, horns 2
a: Upheaval, Elemental Force, Disaster Area, Renounce Religion


You were on level 4 of the Swamp.
You worshipped Qazlal.
Qazlal was extremely pleased with you.
You were not hungry.

You visited 4 branches of the dungeon, and saw 20 of its levels.
You also visited: Bailey.

You collected 1752 gold pieces.

Inventory:

Hand Weapons
 B - the +6 mace "Etousore" (weapon) {venom, rF+ Dex+2}
   (You acquired it on level 9 of the Dungeon)

   It poisons the flesh of those it strikes.
   It affects your dexterity (+2).
   It protects you from fire.
 N - a +0 morningstar of protection
 Z - the +11 battleaxe of Into {antimagic, rC+ Stlth+}
   (You found it on level 3 of the Swamp)

   It disrupts the flow of magical energy around spellcasters and certain
   magical creatures (including the wielder).
   It protects you from cold.
   It makes you more stealthy.
Missiles
 r - 30 tomahawks of returning (quivered)
 w - 31 tomahawks
 J - 2 tomahawks of dispersal
Armour
 c - a +0 shield (worn)
 s - a +2 cloak (worn)
 v - a cursed +0 pair of boots (worn)
 x - a +1 plate armour (worn)
 E - the +2 pair of gloves of the Hall of Blades (worn) {rF++ Dex+3}
   (You found it on level 9 of the Dungeon)

   It affects your dexterity (+3).
   It greatly protects you from fire.
Jewellery
 a - an uncursed ring of flight
 b - a +5 ring of strength (left hand)
 d - a ring of poison resistance (right hand)
 h - an uncursed ring of sustain attributes
Wands
 j - a wand of paralysis (9)
 o - a wand of frost (6)
 q - a wand of slowing (14)
 u - a wand of fireball (0)
 C - a wand of flame (20)
 D - a wand of cold (6)
 F - a wand of digging (3)
 O - a wand of polymorph (3)
 P - a wand of polymorph (14)
 R - a wand of digging (14)
 U - a wand of draining (0)
 W - a wand of paralysis (6)
 X - a wand of cold (7)
Scrolls
 f - a scroll of vulnerability {unknown}
 i - 2 scrolls of teleportation
 k - a scroll of blinking {unknown}
 m - 8 scrolls of identify
 y - 7 scrolls of remove curse
 A - a scroll of magic mapping
 I - 2 scrolls of recharging
 T - 2 scrolls of summoning
 Y - a scroll of enchant armour
Potions
 g - a potion of cancellation
 H - a potion of agility
 M - a potion of cure mutation
Books
 L - a book of Hinderance

   Spells                             Type                      Level
   a - Confusing Touch                Hexes                        2
   b - Confuse                        Hexes                        3
   c - Gell's Gravitas                Hexes/Translocation          3
   d - Petrify                        Transmutation/Earth          4
   e - Metabolic Englaciation         Hexes/Ice                    5
 Q - a book of Geomancy

   Spells                             Type                      Level
   a - Sandblast                      Earth                        1
   b - Stoneskin                      Transmutation/Earth          2
   c - Passwall                       Transmutation/Earth          3
   d - Stone Arrow                    Conjuration/Earth            3
   e - Petrify                        Transmutation/Earth          4
   f - Lee's Rapid Deconstruction     Earth                        5
Miscellaneous
 G - a crystal ball of energy
 K - a fan of gales
Comestibles
 e - 2 bread rations
 l - 17 fruits
 p - 6 meat rations
 t - 3 beef jerkies
 z - 2 slices of pizza


   Skills:
 * Level 17.4(17.1) Fighting
 + Level 15.9(15.7) Maces & Flails
 - Level 2.0(1.8) Throwing
 * Level 16.2(16.0) Armour
 + Level 8.6(8.4) Shields
 * Level 7.2(7.0) Invocations
 - Level 0.1(0.0) Evocations


You had 13 spell levels left.
You didn't know any spells.

Dungeon Overview and Level Annotations

Branches:
Dungeon (12/15)            Temple (1/1) D:5            Lair (3/8) D:8
  Swamp (4/4) Lair:3       Spider (0/4) Lair:3          Orc (0/4) D:10

Altars:
Ashenzari
Cheibriados
Dithmenos
Elyvilon
Fedhas
Gozag
Kikubaaqudgha
Makhleb
Nemelex Xobeh
Okawaru
Qazlal
Ru
Sif Muna
Trog
Vehumet
Xom
Yredelemnul
Zin
The Shining One

Annotations:
Lair:3 exclusion: 3 oklob plants


Innate Abilities, Weirdness & Mutations

You reflexively headbutt those who attack you in melee.
You have a pair of horns on your head.


Message History

You feel better.
You are engulfed in spectral mist.
* * * LOW HITPOINT WARNING * * *
You kill the ghost crab!
Qazlal accepts your kill.
The spectral swamp drake fades away!
The spectral snapping turtle fades away!
The spectral seven-headed hydra fades away!
You hear a distant "Zot"!
Read which item? (? for menu, Esc to quit)
As you read the scroll of teleportation, it crumbles to dust.
You feel strangely unstable.
You are engulfed in spectral mist.
Unknown command.
Read which item? (? for menu, Esc to quit)
As you read the scroll of fog, it crumbles to dust.
The scroll dissolves into smoke.
You are engulfed in spectral mist.
* * * LOW HITPOINT WARNING * * *
You block the bog body's attack.
The bog body touches you but does no damage.
You are engulfed in spectral mist.
You die...

♣♣≈.≈♣≈ ♣♣≈.≈≈.♣
♣♣...♣≈≈≈♣≈≈≈.≈≈♣
♣≈≈≈♣≈≈≈≈≈♣≈≈≈..♣
♣.≈≈♣≈≈≈≈≈≈.≈≈..♣
♣.≈≈.≈≈≈≈≈♣..≈..♣
♣♣≈≈..≈≈≈≈♣.......
♣.n≈.≈.♣≈♣.≈.≈≈≈≈≈
♣§≈≈.§≈≈...≈.≈≈≈..
♣@§§......♣.....≈≈
♣§§§§...≈≈≈≈.≈≈≈≈≈
♣♣..≈≈≈≈≈≈≈≈♣§≈≈♣≈
♣♣♣♣♣.≈≈.÷♣♣≈..♣♣
♣...≈♣♣♣♣≈≈≈.
♣♣♣..≈♣ .♣♣♣.
♣♣..♣♣. ≈ ♣♣♣♣♣≈


You could see a bog body.

Vanquished Creatures
  Jorgrun (Swamp:3)
  A tentacled monstrosity (Swamp:2)
  2 thorn hunters
  2 ghost crabs
  22 hydras
  4 alligators
  A centaur warrior (D:11)
  A catoblepas (Lair:1)
  2 spriggan druids
  12 swamp dragons
  4 shambling mangroves
  A hill giant (D:10)
  An ugly thing (D:11)
  A cyclops (D:11)
  A manticore (D:11)
  A hornet (Swamp:4)
  2 guardian serpents (D:9)
  Psyche (D:8)
  A gargoyle (D:10)
  10 spiny frogs
  A black mamba (Lair:3)
  3 komodo dragons
  2 trolls (D:9)
  Grinder (D:3)
  6 giant leeches
  7 bog bodies
  A trapdoor spider zombie (D:11)
  4 slime creatures (Swamp:2)
  15 blink frogs
  4 trapdoor spiders (Lair:3)
  6 spriggans
  2 shadows
  The ghost of juanjsm the Sneak, an amateur SpEn (D:4)
  A wyvern (D:9)
  20 yaks
  A human (D:6)
  4 hippogriffs
  4 vampire mosquitoes (Swamp:3)
  4 insubstantial wisps (Swamp:3)
  16 swamp worms
  5 wolves (Lair:3)
  A warg (D:10)
  Edmund (D:5)
  The ghost of Heskey the Sneak, an amateur TeAs (D:3)
  4 ice beasts
  7 water moccasins
  4 porcupines
  13 orc warriors
  2 sky beasts
  A necrophage (D:7)
  11 swamp drakes
  12 wasps
  3 black bears
  4 ogres
  7 crocodiles
  3 centaurs
  7 giant frogs
  A water moccasin zombie (D:5)
  5 scorpions
  3 wights (D:8)
  6 killer bees (D:7)
  A centaur zombie (D:8)
  9 crimson imps
  5 jellies
  A centaur skeleton (D:9)
  4 hounds
  A human zombie (D:6)
  A giant frog skeleton (D:11)
  3 iguanas
  12 worker ants
  10 orc priests
  10 orc wizards
  5 sheep
  2 hound skeletons
  Robin (D:4)
  12 adders
  7 gnolls
  17 river rats (Lair:3)
  3 shadow imps
  2 oozes
  An adder zombie (D:7)
  An adder skeleton (D:4)
  3 worms
  A giant gecko (D:4)
  44 orcs
  8 bats
  4 giant cockroaches
  12 hobgoblins
  13 jackals
  21 kobolds
  A quokka (D:11)
  6 giant newts
  13 goblins
  A quokka skeleton (D:5)
  5 rats
  2 bushes (Lair:2)
  6 fungi
  9 plants
532 creatures vanquished.

Vanquished Creatures (others)
  An alligator (Swamp:4)
  2 briar patches (Swamp:3)
  3 fungi (Lair:3)
  A plant (Lair:3)
7 creatures vanquished.

Grand Total: 539 creatures vanquished

Notes
Turn   | Place    | Note
--------------------------------------------------------------
     0 | D:1      | Heskey the Minotaur Fighter began the quest for the Orb.
     0 | D:1      | Reached XP level 1. HP: 19/19 MP: 0/0
    86 | D:1      | Reached XP level 2. HP: 25/27 MP: 1/1
   151 | D:1      | Reached skill level 4 in Fighting
   617 | D:2      | Found an iron altar of Okawaru.
   706 | D:2      | Reached XP level 3. HP: 30/33 MP: 2/2
  1031 | D:3      | Noticed Heskey's ghost (amateur TeAs)
  1056 | D:3      | Killed Heskey's ghost
  1056 | D:3      | Reached skill level 5 in Shields
  1056 | D:3      | Reached XP level 4. HP: 27/41 MP: 3/3
  1056 | D:3      | Reached XP level 5. HP: 30/47 MP: 4/4
  1320 | D:3      | Found an opulent altar of Gozag.
  1502 | D:3      | Noticed Grinder
  1504 | D:3      | Paralysed by Grinder for 2 turns
  1511 | D:3      | Killed Grinder
  1511 | D:3      | Reached skill level 5 in Armour
  1511 | D:3      | Reached skill level 6 in Shields
  1511 | D:3      | Reached XP level 6. HP: 47/55 MP: 5/5
  1559 | D:3      | Reached skill level 5 in Fighting
  1924 | D:4      | Noticed juanjsm's ghost (amateur SpEn)
  1954 | D:4      | Gained mutation: You can breathe flames. [potion of mutation]
  1954 | D:4      | Gained mutation: You are robust (+10% HP). [potion of mutation]
  1954 | D:4      | Gained mutation: You are clumsy. (Dex -2) [potion of mutation]
  1956 | D:4      | Lost mutation: You are clumsy. (Dex -2) [potion of cure mutation]
  1956 | D:4      | Lost mutation: You can breathe flames. [potion of cure mutation]
  1956 | D:4      | Lost mutation: You are robust (+10% HP). [potion of cure mutation]
  1959 | D:4      | Killed juanjsm's ghost
  1959 | D:4      | Reached skill level 5 in Maces & Flails
  1959 | D:4      | Reached skill level 7 in Shields
  1959 | D:4      | Reached XP level 7. HP: 19/61 MP: 6/6
  2254 | D:4      | Found a deep blue altar of Sif Muna.
  2381 | D:4      | Found a shimmering altar of Xom.
  2612 | D:4      | Noticed Robin
  2638 | D:4      | Killed Robin
  2707 | D:4      | Reached XP level 8. HP: 68/70 MP: 7/7
  3120 | D:5      | Entered Level 5 of the Dungeon
  3151 | D:5      | Found a bloodstained altar of Trog.
  3227 | D:5      | Found a staircase to the Ecumenical Temple.
  3275 | Temple   | Entered the Ecumenical Temple
  3352 | Temple   | Became a worshipper of Qazlal Stormbringer
  3416 | D:5      | Noticed Edmund
  3426 | D:5      | Killed Edmund
  3919 | D:6      | Reached skill level 8 in Fighting
  3924 | D:6      | Reached * piety under Qazlal
  3930 | D:6      | Reached XP level 9. HP: 59/81 MP: 8/8
  4286 | D:6      | Found a runed door.
  4316 | D:6      | Reached skill level 9 in Fighting
  4354 | D:6      | Found a basalt altar of Yredelemnul.
  4683 | D:7      | Found a blossoming altar of Fedhas.
  4684 | D:7      | Found a glowing silver altar of Zin.
  4689 | D:7      | Found a bloodstained altar of Trog.
  4713 | D:7      | Reached ** piety under Qazlal
  4723 | D:7      | Reached skill level 10 in Fighting
  4835 | D:7      | Found a burning altar of Makhleb.
  4971 | D:7      | Found a sparkling altar of Nemelex Xobeh.
  4974 | D:7      | Found a sacrificial altar of Ru.
  4977 | D:7      | Found a shadowy altar of Dithmenos.
  5084 | D:8      | Noticed Psyche
  5089 | D:8      | Killed Psyche
  5089 | D:8      | Reached skill level 10 in Maces & Flails
  5162 | D:8      | Reached XP level 10. HP: 84/94 MP: 9/9
  5468 | D:8      | Found a staircase to the Lair.
  5831 | D:8      | Reached skill level 11 in Fighting
  6121 | D:9      | Noticed a guardian serpent
  6129 | D:9      | Killed a guardian serpent
  6248 | D:9      | Identified a scroll of acquirement
  6251 | D:9      | Got an ivory mace
  6252 | D:9      | Identified the +6 mace "Etousore" {venom, rF+ Dex+2} (You acquired it on level 9 of the Dungeon)
  6361 | D:9      | Found a deep blue altar of Sif Muna.
  6432 | D:9      | Noticed a guardian serpent
  6442 | D:9      | Killed a guardian serpent
  6442 | D:9      | Reached skill level 12 in Fighting
  6448 | D:9      | Got a pair of brightly glowing gloves
  6454 | D:9      | Identified the +2 pair of gloves of the Hall of Blades {rF++ Dex+3} (You found it on level 9 of the Dungeon)
  6564 | D:9      | Found a flagged portal.
  6580 | Bailey   | Entered a bailey
  6621 | Bailey   | Reached *** piety under Qazlal
  6750 | Bailey   | Found an iron altar of Okawaru.
  7229 | D:10     | Entered Level 10 of the Dungeon
  7448 | D:10     | Noticed a hill giant
  7448 | D:10     | Reached skill level 1 in Throwing
  7448 | D:10     | Reached XP level 11. HP: 105/105 MP: 10/10
  7456 | D:10     | Killed a hill giant
  7581 | D:10     | Found a staircase to the Orcish Mines.
  8073 | D:11     | Reached skill level 13 in Fighting
  8146 | D:11     | Reached **** piety under Qazlal
  8203 | D:11     | Reached skill level 10 in Armour
  8419 | D:11     | Noticed a five-headed hydra
  8425 | D:11     | Killed a five-headed hydra
  8425 | D:11     | Reached skill level 1 in Invocations
  8537 | D:11     | HP: 3/107 [white ugly thing (25)]
  8702 | D:11     | Noticed a centaur warrior
  8713 | D:11     | Killed a centaur warrior
  9045 | Lair:1   | Entered Level 1 of the Lair of Beasts
  9049 | Lair:1   | Noticed a catoblepas
  9072 | Lair:1   | Killed a catoblepas
  9267 | Lair:1   | Reached XP level 12. HP: 104/116 MP: 12/12
  9325 | Lair:1   | Reached skill level 14 in Fighting
 10080 | Lair:2   | Noticed a seven-headed hydra
 10088 | Lair:2   | Killed a seven-headed hydra
 10109 | Lair:2   | Noticed an eight-headed hydra
 10116 | Lair:2   | Killed an eight-headed hydra
 10436 | Lair:2   | Noticed a seven-headed hydra
 10442 | Lair:2   | Killed a seven-headed hydra
 10714 | Lair:3   | Noticed a seven-headed hydra
 10724 | Lair:3   | Killed a seven-headed hydra
 10749 | Lair:3   | Reached ***** piety under Qazlal
 10781 | Lair:3   | Found a staircase to the Swamp.
 11055 | Lair:3   | Found a hole to the Spider Nest.
 11065 | Lair:3   | Reached skill level 15 in Fighting
 11337 | Swamp:1  | Entered Level 1 of the Swamp
 11351 | Swamp:1  | Noticed a seven-headed hydra
 11353 | Swamp:1  | Reached XP level 13. HP: 116/126 MP: 15/15
 11357 | Swamp:1  | Killed a seven-headed hydra
 11381 | Swamp:1  | Noticed an eight-headed hydra
 11386 | Swamp:1  | Killed an eight-headed hydra
 11386 | Swamp:1  | Reached skill level 5 in Invocations
 12974 | Swamp:2  | Noticed a tentacled monstrosity
 12992 | Swamp:2  | Killed a tentacled monstrosity
 13885 | Swamp:3  | Reached skill level 16 in Fighting
 13896 | Swamp:3  | Reached skill level 15 in Maces & Flails
 14178 | Swamp:3  | Got a transparent battleaxe
 14179 | Swamp:3  | Identified the +11 battleaxe of Into {antimagic, rC+ Stlth+} (You found it on level 3 of the Swamp)
 14189 | Swamp:3  | Noticed Mara
 14190 | Swamp:3  | Noticed Jorgrun
 14191 | Swamp:3  | Noticed Heskey's illusion
 14193 | Swamp:3  | Noticed a thorn hunter
 14225 | Swamp:3  | Reached skill level 15 in Armour
 14289 | Swamp:3  | Killed Jorgrun
 14289 | Swamp:3  | Reached XP level 14. HP: 75/138 MP: 17/17
 14673 | Swamp:3  | Killed a thorn hunter
 14846 | Swamp:3  | Noticed Heskey's illusion
 14985 | Swamp:3  | Noticed Heskey's illusion
 15031 | Swamp:4  | Entered Level 4 of the Swamp
 15465 | Swamp:4  | Reached skill level 17 in Fighting
 15760 | Swamp:4  | Noticed a thorn hunter
 15773 | Swamp:4  | Killed a thorn hunter
 16776 | Swamp:4  | HP: 7/140 [ghost crab] (4)]
 16778 | Swamp:4  | HP: 3/140 [ghost crab] (12)]
 16780 | Swamp:4  | HP: 1/140 [something (2)]
 16781 | Swamp:4  | Engulfed by a cloud of spectral mist

Action                   |  1- 3 |  4- 6 |  7- 9 | 10-12 | 13-15 || total
-------------------------+-------+-------+-------+-------+-------++-------
Melee: Flail             |   102 |    97 |    27 |       |       ||   226
       Morningstar       |       |       |   286 |    97 |       ||   383
       Mace              |       |       |       |   504 |   604 ||  1108
Throw: Javelin           |       |       |     2 |     4 |    10 ||    16
       Tomahawk          |       |       |       |    19 |    30 ||    49
Invok: Upheaval          |       |       |       |     2 |       ||     2
Evoke: Wand              |       |       |       |     1 |    18 ||    19
  Use: Potion            |     1 |     4 |     2 |     7 |    10 ||    24
       Scroll            |       |       |    14 |    10 |    12 ||    36
  Eat: Chunk             |       |     3 |    12 |    14 |       ||    29
       Bread ration      |       |       |       |     2 |     3 ||     5
       Fruit             |       |       |       |     1 |       ||     1
       Pizza             |       |       |       |       |     1 ||     1
       Royal jelly       |       |       |       |       |     1 ||     1
